 Dungeon Crawl Stone Soup version 0.13-a0-3104-gb5885e9 (webtiles) character file.

232 Malachi the Chiller (level 4, -11/33 HPs)
             Began as a Draconian Ice Elementalist on Sept 19, 2013.
             Mangled by an iguana (13 damage)
             ... on Level 4 of the Dungeon.
             The game lasted 00:06:31 (3090 turns).

Malachi the Chiller (Draconian Ice Elementalist)    Turns: 3090, Time: 00:06:31

HP -11/33        AC  5     Str 10      XL: 4   Next: 67%
MP   0/7         EV 12     Int 20      God:
Gold 118         SH  0     Dex 11      Spells:  1 memorised,  5 levels left

Res.Fire  : . . .   See Invis. : .   l - +1 dwarf morningstar
Res.Cold  : . . .   Warding    : .   (armour unavailable)
Life Prot.: + . .   Conserve   : .   (no shield)
Res.Poison: .       Res.Corr.  : .   (helmet restricted)
Res.Elec. : .       Clarity    : .   (no cloak)
Sust.Abil.: . .     Spirit.Shd : .   (no gloves)
Res.Mut.  : .       Stasis     : .   (no boots)
Res.Rott. : .       Flight     : .   (no amulet)
Saprovore : . . .                    m - ring of positive energy
                                     i - +3 ring of intelligence

@: very slightly contaminated, slightly resistant to hostile enchantments,
unstealthy
A: unfitting armour, AC +5
a: no special abilities


You were on level 4 of the Dungeon.
You were not hungry.

You visited 1 branch of the dungeon, and saw 4 of its levels.

You collected 98 gold pieces.

Inventory:

Hand weapons
 e - a +0,+0 short sword
 l - a +1,+1 dwarven morningstar (weapon)
Comestibles
 k - a bread ration
 o - a pear
 q - an apple
 t - a chunk of worm flesh
Scrolls
 a - 3 scrolls of remove curse {unknown}
 f - 2 scrolls of identify
 h - a scroll of enchant weapon I {unknown}
Jewellery
 i - a +3 ring of intelligence (left hand)
 m - a ring of positive energy (right hand)
 n - an uncursed amulet of rage
Potions
 c - 2 potions of curing {unknown}
 g - a potion of might {unknown}
 r - 2 potions of agility {unknown}
Books
 b - a book of Frost

   Spells                             Type                      Level
   *Freeze                            Ice                          1
   Throw Frost                        Conjuration/Ice              2
   Ozocubu's Armour                   Charms/Ice                   3
   Throw Icicle                       Conjuration/Ice              4
   Summon Ice Beast                   Ice/Summoning                4
   Condensation Shield                Ice                          4
 j - a book of Burglary

   Spells                             Type                      Level
   Apportation                        Translocation                1
   Swiftness                          Charms/Air                   2
   Passwall                           Transmutation/Earth          3
   Passage of Golubria                Translocation                4
   Lee's Rapid Deconstruction         Earth                        5
   Darkness                           Hexes                        7


   Skills:
 + Level 0.7 Fighting
 + Level 0.2 Short Blades
 + Level 0.2 Maces & Flails
 + Level 2.6 Dodging
 + Level 2.1 Stealth
 + Level 1.9 Spellcasting
   Level 1.0 Conjurations
 + Level 4.2 Ice Magic


You had 5 spell levels left.
You knew the following spells:

 Your Spells              Type           Power        Failure   Level  Hunger
a - Freeze                Ice            ###.         2%          1    #......


Dungeon Overview and Level Annotations

Branches:
Dungeon (4/27)
 Temple: D:4-7

Altars:
Sif Muna

Annotations:
D:2 1 exclusion, Crazy Yiuf


Message History

You miscast Freeze.
You are very lightly contaminated with residual magic.
Nothing appears to happen.
The iguana bites you!
* * * LOW HITPOINT WARNING * * *
Casting: Freeze
Confirm with . or Enter, or press ? or * to list all spells.
You don't have enough magic to cast that spell.
Unknown command.
You see here a rotting kobold corpse.
Casting: Freeze
Confirm with . or Enter, or press ? or * to list all spells.
You can't see any susceptible monsters within range! (Use Z to cast anyway.)
Casting: Freeze
Confirm with . or Enter, or press ? or * to list all spells.
Aiming: Freeze
Press: ? - help, Shift-Dir - straight line, f/p - iguana
Aim: an iguana (almost dead, moving slowly)
You miscast Freeze.
Nothing appears to happen.
The iguana is no longer moving slowly.
The iguana bites you!
You die...

,,**,*******,**###,***,*,*,,,,,,,
,<,,, ,,,,,,#......., *,*,,,,,,
*,**,********#........,*,**,*,, ,
*,**,* *,,,,,#.........#,**,*,,,,
,,,,,***,###,#.........#,** *,,**
,,,,* ,,,#..,#......>..#, *,#,,**
,,,,,, ,#...#.........#,**.#. ,,
,,,,, ., #...............*....*,
* ,,,...,,..***#@#####.###..#,*,,
*, ,,.#..,#.* #l#.....#...,*,***
*, ,......#.####.#.###(#.##.#,***
**+**,#.....%...%%..........#,,,
,,,,*,#.#.......<#.....######**,,
**,**,* ########.#......!..,* ,*
****,*,* #.#.....####,* *,,
*****, ,** *** #.#.....#* *,*****
,,,,,,,,,,, ,,,..........,,,,,, ,


You could see an iguana.

Vanquished Creatures
  Jessica (D:3)
  2 adders (D:2)
  An inept feature mimic (D:3)
  4 worms
  2 giant geckos (D:1)
  A ball python (D:3)
  3 giant cockroaches
  3 hobgoblins
  3 quokkas
  8 bats
  2 giant newts (D:1)
  4 goblins
  9 kobolds
  7 rats
  2 fungi (D:2)
52 creatures vanquished.

Notes
Turn   | Place    | Note
--------------------------------------------------------------
     0 | D:1      | Malachi, the Draconian Ice Elementalist, began the quest for the Orb.
     0 | D:1      | Reached XP level 1. HP: 14/14 MP: 3/3
   413 | D:1      | Reached XP level 2. HP: 15/20 MP: 0/4
  1228 | D:2      | Reached XP level 3. HP: 19/26 MP: 0/6
  1390 | D:2      | Found a deep blue altar of Sif Muna.
  1524 | D:2      | Reached skill level 4 in Ice Magic
  1568 | D:2      | Paralysed by a potion of paralysis for 3 turns
  2285 | D:2      | Noticed Crazy Yiuf
  2348 | D:3      | Noticed Jessica
  2358 | D:3      | Killed Jessica
  2358 | D:3      | Reached XP level 4. HP: 16/33 MP: 4/7
  3090 | D:4      | Mangled by an iguana

Action                   |  1- 3 |  4- 6 || total
-------------------------+-------+-------++-------
Melee: Short sword       |    70 |       ||    70
       Morningstar       |    39 |    19 ||    58
 Cast: Freeze            |    28 |    26 ||    54
  Use: Potion            |     1 |       ||     1
       Scroll            |       |     4 ||     4
